 Dungeon Crawl Stone Soup version 0.25.0-9-g26727b657a (webtiles) character file.

Game seed: 5513453271972156286

13760 HoaS the Cruncher (level 12, -6/99 HPs)
             Began as a Formicid Fighter on June 21, 2020.
             Was the Champion of Okawaru.
             Mangled by an ice devil (23 damage)
             ... in an ice cave.
             The game lasted 00:39:24 (11764 turns).

HoaS the Cruncher (Formicid Fighter)               Turns: 11764, Time: 00:39:24

Health: -6/99      AC: 15    Str: 24    XL:     12   Next: 36%
Magic:  18/18      EV: 12    Int: 10    God:    Okawaru [******]
Gold:   583        SH: 11    Dex: 10    Spells: 11/11 levels left

rFire    . . .     SeeInvis +   a - +1 quarterstaff
rCold    . . .     Gourm    .   c - +0 kite shield
rNeg     . . .     Faith    .   i - +0 storm dragon scales
rPois    .         Spirit   .   (helmet unavailable)
rElec    +         Reflect  .   s - +0 cloak
rCorr    .         Harm     .   (no gloves)
MR       +....                  m - +2 pair of boots {run}
Stlth    ..........             (no amulet)
HPRegen  0.26/turn              x - ring of teleportation (curse)
MPRegen  0.16/turn              k - +4 ring of evasion

@: quick
A: permanent stasis, dig shafts and tunnels, four strong arms, antennae 3
a: Dig, Shaft Self, Heroism, Finesse, Renounce Religion


You were in an ice cave.
You worshipped Okawaru.
Okawaru was exalted by your worship.
You were near starving.

You visited 2 branches of the dungeon, and saw 12 of its levels.
You also visited: Bailey and Ice Cave.

You collected 583 gold pieces.

Inventory:

Hand Weapons
 a - a +1 quarterstaff (weapon)
Armour
 c - a +0 kite shield (worn)
 i - +0 storm dragon scales (worn)
 m - a +2 pair of boots of running (worn)
 s - a +0 cloak (worn)
Jewellery
 k - a +4 ring of evasion (right hand)
 x - a cursed ring of teleportation (left hand)
Wands
 h - a wand of polymorph (10)
 t - a wand of iceblast (9)
 u - a wand of acid (5)
 y - a wand of flame (11)
 B - a wand of disintegration (4)
Scrolls
 b - 3 scrolls of magic mapping
 j - 11 scrolls of remove curse
 n - a scroll of identify
 q - 2 scrolls of fear
 v - a scroll of summoning
Potions
 d - a potion of might
 e - a potion of resistance {unknown}
 g - 5 potions of curing
 l - 4 potions of lignification
 o - 2 potions of degeneration {unknown}
 p - 3 potions of flight
 r - 2 potions of invisibility {unknown}
 w - 2 potions of stabbing {unknown}
 z - 2 potions of heal wounds {unknown}
Comestibles
 f - 19 rations


   Skills:
 + Level 10.8 Fighting
 * Level 13.1 Staves
 - Level 3.2 Armour
 - Level 9.0 Shields
 - Level 9.0 Invocations


You had 11 spell levels left.
You didn't know any spells.
Your spell library contained the following spells:

 Spells                   Type           Power        Failure   Level  Hunger
 Corona                   Hex            #......      95%         1    ##.....
 Summon Small Mammal      Summ           #...         95%         1    ##.....
 Call Imp                 Summ           #.......     99%         2    ###....
 Slow                     Hex            #.......     99%         2    ###....
 Call Canine Familiar     Summ           #.......     100%        3    ####...
 Inner Flame              Hex/Fire       #.......     100%        3    ####...
 Portal Projectile        Hex/Tloc       #.....       100%        3    ####...
 Stone Arrow              Conj/Erth      #.....       100%        3    ####...
 Summon Guardian Golem    Hex/Summ       #.......     100%        3    ####...
 Cause Fear               Hex            #.........   100%        4    #####..
 Leda's Liquefaction      Hex/Erth       #.........   100%        4    #####..
 Summon Ice Beast         Ice/Summ       #.......     100%        4    #####..
 Summon Lightning Spire   Summ/Air       #.......     100%        4    #####..
 Borgnjor's Vile Clutch   Necr/Erth      #.........   100%        5    ######.
 Shatter                  Erth           #.........   100%        9    #######


Dungeon Overview and Level Annotations

Branches:
Dungeon (10/15)            Temple (0/1) D:4            Lair (2/6) D:10
 Bailey (visited)           IceCv (1/1)
  Swamp: Lair:2-4    Shoals: Lair:2-4     Snake: Lair:2-4    Spider: Lair:2-4
    Orc: D:9-12

Altars:
Cheibriados
Dithmenos
Elyvilon
Kikubaaqudgha
Makhleb
Okawaru
Ru
Vehumet
Wu Jian
Yredelemnul
Zin
The Shining One

Annotations:
Lair:1 exclusion: 2 oklob plants IceCv exclusion: ice statue


Innate Abilities, Weirdness & Mutations

You cannot be hasted, slowed, berserked, paralysed or teleported.
You can dig through walls and to a lower floor.
Your four strong arms can wield two-handed weapons with a shield.
You have a pair of large antennae on your head. (SInv)


Message History

You sock the ice devil!
The ice devil is severely wounded.
The ice devil hits you. The ice devil freezes you!
* * * LOW HITPOINT WARNING * * *
You hit the ice devil but do no damage.
The ice devil is severely wounded.
You hit the ice devil but do no damage.
The ice devil is severely wounded.
The ice devil closely misses you.
You hit the ice devil but do no damage.
The ice devil is severely wounded.
You block the ice devil's attack.
You hit the ice devil but do no damage.
The ice devil is severely wounded.
Your storm dragon scales prevents you from hitting the ice devil.
The ice devil is severely wounded.
The ice devil hits you.
* * * LOW HITPOINT WARNING * * *
The ice devil freezes you!!
You die...

##.. ##....
##..... ####
#?..... ##..##
##.....
##....######......
#.......##........
#..∩∩.............
#@................
##4...##..##......
##..########.....
#### 8..... .....
#.... #..


You could see an ice devil.

Vanquished Creatures
  2 hydras
  Harold (D:7)
  A two-headed ogre (D:8)
  An unseen horror (D:10)
  A deep elf mage (D:10)
  An ice statue (IceCv)
  A spiny frog (Lair:1)
  3 ice devils (IceCv)
  A troll (D:9)
  Grinder (D:3)
  2 hippogriffs
  Sigmund (D:2)
  15 yaks
  Eustachio (D:5)
  Menkaure (D:5)
  A soldier ant (D:10)
  Duvessa (D:6)
  2 porcupines
  3 water moccasins
  5 ice beasts
  5 sky beasts
  3 orc warriors
  9 ogres
  2 crocodiles (Lair:1)
  5 bullfrogs
  Blork the orc (D:4)
  Dowan (D:6)
  A gnoll sergeant (D:8)
  A water moccasin zombie (D:7)
  3 scorpions
  5 wights (D:6)
  2 jellies (D:10)
  7 howler monkeys
  A centaur zombie (D:9)
  2 quasits
  3 hounds
  Crazy Yiuf (D:5)
  6 orc priests
  6 iguanas
  9 worker ants
  8 orc wizards
  A hound skeleton (D:7)
  A mummy (D:6)
  Robin (D:2)
  12 gnolls
  11 adders
  2 shadow imps
  12 white imps (Lair:2)
  An adder skeleton (D:5)
  2 worms
  4 dart slugs
  6 leopard geckos
  34 orcs
  2 ball pythons
  9 giant cockroaches
  17 goblins
  12 hobgoblins
  6 jackals
  15 kobolds
  6 quokkas
  8 bats
  4 frilled lizards
  3 hobgoblin zombies (D:6)
  A kobold zombie (D:6)
  A quokka zombie (D:9)
  8 rats
305 creatures vanquished.

Vanquished Creatures (others)
  A plant (Lair:1)
1 creature vanquished.

Grand Total: 306 creatures vanquished

Notes
Turn   | Place    | Note
-------+----------+-------------------------------------------
     0 | D:1      | HoaS the Formicid Fighter began the quest for the Orb.
     0 | D:1      | Reached XP level 1. HP: 18/18 MP: 1/1
   199 | D:1      | Reached XP level 2. HP: 23/24 MP: 2/2
   256 | D:1      | Reached XP level 3. HP: 28/29 MP: 3/3
   515 | D:1      | Reached skill level 3 in Staves
   993 | D:2      | Reached XP level 4. HP: 29/37 MP: 4/4
  1142 | D:2      | Identified a +1 pair of boots of running (You found it on
                  | level 2 of the Dungeon)
  1172 | D:2      | Noticed Sigmund
  1189 | D:2      | Killed Sigmund
  1189 | D:2      | Reached skill level 4 in Staves
  1189 | D:2      | Reached skill level 5 in Shields
  1189 | D:2      | Reached XP level 5. HP: 36/43 MP: 5/5
  1189 | D:2      | Reached XP level 6. HP: 42/49 MP: 6/6
  1354 | D:2      | Noticed Robin
  1421 | D:2      | Killed Robin
  1601 | D:3      | Found a basalt altar of Yredelemnul.
  1692 | D:3      | Found a glowing golden altar of the Shining One.
  1964 | D:3      | Found an iron altar of Okawaru.
  1967 | D:3      | Noticed Grinder
  1978 | D:3      | Killed Grinder
  1978 | D:3      | Reached skill level 5 in Fighting
  1978 | D:3      | Reached skill level 5 in Staves
  1978 | D:3      | Reached XP level 7. HP: 44/56 MP: 7/7
  2274 | D:3      | Noticed an angel
  2313 | D:3      | Became a worshipper of Warmaster Okawaru
  2409 | D:4      | Found a white marble altar of Elyvilon.
  2465 | D:4      | Reached skill level 1 in Invocations
  2490 | D:4      | Found a glowing silver altar of Zin.
  2524 | D:4      | Found an ancient bone altar of Kikubaaqudgha.
  2621 | D:4      | Found a staircase to the Ecumenical Temple.
  2945 | D:4      | Reached skill level 6 in Staves
  3002 | D:4      | Noticed Blork the orc
  3016 | D:4      | Killed Blork the orc
  3016 | D:4      | Reached XP level 8. HP: 52/63 MP: 9/9
  3073 | D:5      | Entered Level 5 of the Dungeon
  3177 | D:5      | Noticed Eustachio
  3186 | D:5      | You fall into a shaft and drop 1 floor!
  3460 | D:6      | Reached * piety under Okawaru
  3683 | D:6      | Noticed Duvessa
  3683 | D:6      | Noticed Dowan
  3710 | D:6      | Killed Duvessa
  3756 | D:6      | Killed Dowan
  3756 | D:6      | Reached skill level 7 in Staves
  4071 | D:5      | Killed Eustachio
  4071 | D:5      | Reached XP level 9. HP: 52/69 MP: 11/11
  4251 | D:5      | Found a shadowy altar of Dithmenos.
  4298 | D:5      | Found a snail-covered altar of Cheibriados.
  4298 | D:5      | Found a burning altar of Makhleb.
  4321 | D:5      | Noticed Menkaure
  4332 | D:5      | Killed Menkaure
  4332 | D:5      | Reached ** piety under Okawaru
  4671 | D:5      | Found a runed translucent door.
  4672 | D:5      | Noticed Crazy Yiuf
  4901 | D:5      | Killed Crazy Yiuf
  5017 | D:6      | Reached skill level 8 in Staves
  5640 | D:7      | Reached skill level 5 in Invocations
  5881 | D:7      | Noticed Harold
  5907 | D:7      | Killed Harold
  5907 | D:7      | Reached *** piety under Okawaru
  5907 | D:7      | Reached skill level 9 in Staves
  5907 | D:7      | Reached XP level 10. HP: 40/79 MP: 11/14
  6935 | D:8      | Reached **** piety under Okawaru
  7244 | D:8      | Noticed a two-headed ogre
  7273 | D:8      | Killed a two-headed ogre
  7273 | D:8      | Reached skill level 10 in Staves
  7650 | D:9      | Reached XP level 11. HP: 87/87 MP: 16/16
  7893 | D:9      | Found a sacrificial altar of Ru.
  7947 | D:9      | Found a radiant altar of Vehumet.
  8141 | D:9      | Found an ornate altar of the Wu Jian Council.
  8365 | D:10     | Entered Level 10 of the Dungeon
  8375 | D:10     | Reached ***** piety under Okawaru
  8408 | D:10     | Found a flagged portal.
  8455 | Bailey   | Entered a bailey
  8457 | Bailey   | Noticed an orc knight
  8460 | Bailey   | Noticed an orc knight
  8793 | D:10     | Reached skill level 11 in Staves
  9171 | D:10     | Noticed an unseen horror
  9186 | D:10     | Noticed a deep elf mage
  9197 | D:10     | Killed a deep elf mage
  9205 | D:10     | Killed an unseen horror
  9384 | D:10     | Identified the Incunabulum of the Rocks
  9602 | D:10     | Found a staircase to the Lair.
  9636 | Lair:1   | Entered Level 1 of the Lair of Beasts
  9698 | Lair:1   | Noticed a five-headed hydra
  9717 | Lair:1   | Killed a five-headed hydra
 10152 | Lair:1   | Reached skill level 12 in Staves
 10186 | Lair:1   | Reached ****** piety under Okawaru
 10207 | Lair:1   | Reached skill level 10 in Fighting
 10510 | Lair:1   | Reached XP level 12. HP: 97/97 MP: 18/18
 10772 | Lair:2   | Received a gift from Okawaru
 10785 | Lair:2   | Got a pair of smouldering boots {god gift}
 10796 | Lair:2   | Identified the -5 pair of boots of Oloojil {rPois MR++}
                  | (Okawaru gifted it to you on level 2 of the Lair of Beasts)
 10822 | Lair:2   | Noticed a six-headed hydra
 10836 | Lair:2   | Killed a six-headed hydra
 10949 | Lair:2   | Found a frozen archway.
 11259 | IceCv    | Entered an ice cave
 11290 | IceCv    | Reached skill level 13 in Staves
 11764 | IceCv    | Mangled by an ice devil

Illustrated notes

Levels and vault maps discovered:
D:1:      matt_arrival_spirals, layout_basic, chequers_serial_rivers_small_b,
          corexii_corridor_pit, hangedman_decor_growths
D:2:      layout_rooms, uniq_sigmund, uniq_robin
D:3:      layout_loops_ring, grunt_temple_overflow_holy_war, okawaru_trees_2,
          uniq_grinder
D:4:      layout_gridville, lemuel_round_altar, old_standard_altar,
          minmay_temple_entry_ruins, elyvilon_altar_3, uniq_blork_the_orc
D:5:      layout_cave_pools, grunt_temple_overflow_open,
          nicolae_dithmenos_through_a_glass_darkly, first_ration,
          minmay_misc_feat_secret_circle, hangedman_decor_peaks_small,
          uniq_menkaure, uniq_crazy_yiuf_cottage, uniq_eustachio
D:6:      layout_basic, minmay_mini_ossuary, uniq_duvessa
D:7:      layout_basic, minmay_diced_spiral, uniq_harold
D:8:      layout_loops_ring, eino_small_chamber_without_monster
D:9:      layout_cave_pods, overflow_temple_1_default, lemuel_crystal_altar,
          nicolae_ru_great_annihilating_truth
D:10:     minmay_blocky_corners, layout_stronghold, lair_entry_dummy,
          enter_bailey_2
Lair:1:   layout_big_grid, grunt_megastairs_1, infiniplex_staircase_pool_2,
          minmay_lair_oklob_chamber
Lair:2:   layout_hall_layers, portal_ice_cave_entry_imps
IceCv:    ice_cave_tombish

Skill      XL: |  1  2  3  4  5  6  7  8  9 10 11 12 |
---------------+-------------------------------------+-----
Shields        | 4 5 6 7 8 9 |  9.0
Staves         | 3 4 5 6 7 9 10 12 13 | 13.1
Fighting       | 4 5 6 7 8 10 | 10.8
Invocations    | 1 3 5 7 9 |  9.0
Armour         | |  3.2

Action                   |  1- 3 |  4- 6 |  7- 9 | 10-12 || total
-------------------------+-------+-------+-------+-------++-------
Melee: Quarterstaff      |    99 |   163 |   410 |   754 ||  1426
Invok: Heroism           |       |       |     2 |     2 ||     4
 Abil: Dig               |       |       |     1 |     5 ||     6
       Shaft Self        |       |       |     1 |       ||     1
Evoke: Wand              |       |       |       |     2 ||     2
  Use: Scroll            |     2 |     1 |     5 |    13 ||    21
       Potion            |       |     1 |       |       ||     1
 Stab: Paralysed         |       |       |       |     1 ||     1
  Eat: Chunk             |       |     4 |     8 |    18 ||    30
       Ration            |       |       |     1 |       ||     1
Armor: Scale mail        |    38 |    64 |    68 |       ||   170
       Plate armour      |       |       |    14 |   125 ||   139
       Chain mail        |       |       |    14 |       ||    14
       Storm dragon scal |       |       |       |    86 ||    86
Dodge: Dodged            |    26 |    50 |   135 |   215 ||   426
Block: Kite shield       |    59 |    83 |   195 |   326 ||   663
